 Dungeon Crawl Stone Soup version 0.19.1-1-g22dce08 (webtiles) character file.

243 HessuHobo the Conjurer (level 5, -5/28 HPs)
             Began as a Deep Elf Conjurer on Dec 28, 2016.
             Slain by a sky beast (6 damage)
             ... on level 5 of the Dungeon.
             The game lasted 00:08:40 (4488 turns).

HessuHobo the Conjurer (Deep Elf Conjurer)          Turns: 4488, Time: 00:08:40

Health: -5/28      AC:  4    Str:  6      XL:     5   Next: 82%
Magic:  8/11       EV: 13    Int: 19 (20) God:
Gold:   234        SH:  0    Dex: 15      Spells: 3 memorised, 2 levels left

rFire  . . .     SeeInvis .     i - +2 dagger (freeze)
rCold  . . .     Gourm    .     a - +0 robe
rNeg   . . .     Faith    .     (no shield)
rPois  .         Spirit   .     (no helmet)
rElec  .         Reflect  .     h - +0 cloak
rCorr  .         Harm     .     (no gloves)
MR     .....                    o - +0 pair of boots
Stlth  ++........               (no amulet)
                                (no ring)
                                (no ring)

@: no status effects
A: no striking features
a: no special abilities


You were on level 5 of the Dungeon.
You were very hungry.

You visited 2 branches of the dungeon, and saw 6 of its levels.

You collected 234 gold pieces.

Inventory:

Hand Weapons
 i - a +2 dagger of freezing (weapon)
 j - a +0 dagger
 m - a +2 dagger of speed
Armour
 a - a +0 robe (worn)
 h - a +0 cloak (worn)
 o - a +0 pair of boots (worn)
Jewellery
 f - an uncursed ring of wizardry {unknown}
 p - an uncursed ring of magical power {unknown}
Wands
 v - a wand of lightning (8/15)
Scrolls
 e - a scroll of teleportation
 g - 11 scrolls of identify
 q - 3 scrolls of blinking
 s - a scroll of random uselessness {unknown}
Potions
 d - a potion of might {unknown}
 l - a potion of haste {unknown}
 r - a potion of agility {unknown}
 t - a potion of mutation {unknown}
 u - a potion of cure mutation {unknown}
 w - a potion of ambrosia {unknown}
Books
 b - a book of Conjurations

   Spells                             Type                      Level
   a - Magic Dart                     Conjuration                  1
   b - Searing Ray                    Conjuration                  2
   c - Dazzling Spray                 Conjuration/Hexes            3
   d - Fulminant Prism                Conjuration/Hexes            4
   e - Iskenderun's Mystic Blast      Conjuration                  4
   f - Iskenderun's Battlesphere      Conjuration/Charms           5
Comestibles
 c - 3 bread rations
 k - 2 meat rations
 n - a royal jelly


   Skills:
 - Level 2.4 Dodging
 - Level 2.4 Stealth
 - Level 0.2 Unarmed Combat
 - Level 3.0 Spellcasting
 - Level 7.1 Conjurations
 * Level 4.0 Charms


You had 2 spell levels left.
You knew the following spells:

 Your Spells              Type           Power        Failure   Level  Hunger
a - Magic Dart            Conj           ####         1%          1    None
b - Searing Ray           Conj           ####..       1%          2    ##.....
c - Iskenderun's Battles  Conj/Chrm      ###.....     50%         5    ######.


Dungeon Overview and Level Annotations

Branches:
Dungeon (5/15)             Temple (1/1) D:4

Altars:
Ashenzari
Cheibriados
Dithmenos
Elyvilon
Fedhas
Kikubaaqudgha
Makhleb
Okawaru
Ru
Sif Muna
Trog
Uskayaw
Xom
Yredelemnul
Zin
The Shining One
Lugonu


Message History

The spell is very dangerous to cast!
Continue anyway?
Okay, then.
The sky beast flickers out of sight!
Deactivating autopickup; reactivate with Ctrl-A.
Found a chain mail.
A hound comes into view.
Found an ancient bone altar of Kikubaaqudgha.
You hit something. You freeze something. Something hits you.
Something shocks you. Something hits you. Something shocks you.
Something hits you.
* * * LOW HITPOINT WARNING * * *
Something shocks you.
* * * LOW HITPOINT WARNING * * *
A sky beast appears from thin air!
Reactivating autopickup.
The sky beast hits you.
* * * LOW HITPOINT WARNING * * *
The sky beast shocks you.
You die...

#P. #.h
##.. #P..
####P..###
#........#
#.....[..#
..#P.P#Y.#
#P. ##@#
#.. #.# #P
#.# # #.#
#.# #.##
#..# #..#
#.##


You could see a sky beast and a hound (sleeping).

Vanquished Creatures
  A hound (D:4)
  A worker ant (D:4)
  3 gnolls (D:3)
  6 adders
  3 oozes
  2 worms (D:2)
  A dart slug (D:2)
  A leopard gecko (D:4)
  An orc (D:4)
  9 bats
  6 giant cockroaches
  7 goblins
  4 hobgoblins
  14 jackals
  A quokka (D:4)
  4 frilled lizards
  A jackal skeleton (D:4)
  13 kobolds
  7 rats
85 creatures vanquished.

Notes
Turn   | Place    | Note
-------+----------+-------------------------------------------
     0 | D:1      | HessuHobo the Deep Elf Conjurer began the quest for the Orb.
     0 | D:1      | Reached XP level 1. HP: 10/10 MP: 6/6
   196 | D:1      | Reached XP level 2. HP: 15/15 MP: 4/8
   373 | D:1      | Reached skill level 5 in Conjurations
   752 | D:2      | Reached XP level 3. HP: 19/19 MP: 5/9
  1460 | D:2      | Reached skill level 6 in Conjurations
  1727 | D:2      | Reached XP level 4. HP: 24/24 MP: 7/10
  1731 | D:2      | Learned a level 2 spell: Searing Ray
  1914 | D:2      | Found an iron altar of Okawaru.
  1917 | D:2      | Found a shadowy altar of Dithmenos.
  1920 | D:2      | Found a glowing silver altar of Zin.
  1923 | D:2      | Found a sacrificial altar of Ru.
  2458 | D:3      | Found a burning altar of Makhleb.
  2545 | D:3      | Found a basalt altar of Yredelemnul.
  2546 | D:3      | Found a deep blue altar of Sif Muna.
  2711 | D:3      | Reached XP level 5. HP: 28/28 MP: 7/11
  2715 | D:3      | Reached skill level 7 in Conjurations
  2969 | D:3      | Learned a level 5 spell: Iskenderun's Battlesphere
  2995 | D:4      | Found a staircase to the Ecumenical Temple.
  3006 | D:4      | Found a glowing golden altar of the Shining One.
  3101 | D:4      | Reached skill level 1 in Charms
  3910 | Temple   | Entered the Ecumenical Temple
  4226 | D:4      | Found a shimmering altar of Xom.
  4228 | D:4      | Found a bloodstained altar of Trog.
  4228 | D:4      | Found a shadowy altar of Dithmenos.
  4230 | D:4      | Found a shattered altar of Ashenzari.
  4230 | D:4      | Found a shadowy altar of Dithmenos.
  4230 | D:4      | Found a blossoming altar of Fedhas.
  4454 | D:5      | Entered Level 5 of the Dungeon
  4466 | D:5      | Noticed a sky beast
  4482 | D:5      | Found an ancient bone altar of Kikubaaqudgha.
  4488 | D:5      | HP: 1/28 [sky beast (1)]
  4488 | D:5      | Slain by a sky beast

Skill      XL: |  1  2  3  4  5 |
---------------+----------------+-----
Conjurations   | 5 6 7 |  7.1
Charms         | 4 |  4.0
Dodging        | |  2.4
Stealth        | |  2.4
Unarmed Combat | |  0.2
Spellcasting   | |  3.0

Action                   |  1- 3 |  4- 6 || total
-------------------------+-------+-------++-------
Melee: Unarmed           |     3 |       ||     3
       Dagger            |     9 |     2 ||    11
 Cast: Magic Dart        |    88 |   118 ||   206
  Use: Scroll            |     4 |       ||     4
       Potion            |     2 |       ||     2
  Eat: Fruit             |     3 |       ||     3
       Chunk             |       |     7 ||     7
Armor: Robe              |     5 |     6 ||    11
Dodge: Dodged            |    14 |    24 ||    38
